 Dungeon Crawl Stone Soup version 0.29-a0-1043-g569b05d6ff (webtiles) character file.

Game seed: 10615278654448457558

127 siradein the Trooper (level 5, -2/40 (47) HPs)
             Began as a Hill Orc Fighter on Aug 15, 2022.
             Slain by Crazy Yiuf
             ... wielding a +3 quarterstaff of chaos
              (4 damage)
             ... on level 3 of the Dungeon.
             The game lasted 00:04:13 (2502 turns).

siradein the Trooper (Hill Orc Fighter)             Turns: 2502, Time: 00:04:13

HP:   -2/40 (47)    AC: 11    Str: 19    XL:     5   Next: 11%
MP:   5/5           EV:  7    Int:  8    God:
Gold: 163           SH:  5    Dex: 12    Spells: 4/4 levels left

rFire   . . .      SeeInvis .   a - +0 trident
rCold   . . .      Faith    .   c - +0 buckler
rNeg    . . .      Spirit   .   q - +0 chain mail
rPois   .          Reflect  .   (no helmet)
rElec   .          Harm     .   (no cloak)
rCorr   .          Rampage  .   v - +0 pair of gloves
Will    .....                   k - +0 pair of boots
Stlth   ..........              (no amulet)
HPRegen 0.13/turn               (no ring)
MPRegen 0.09/turn               (no ring)

@: mighty, lethally poisoned (-2 -> -10), heavily drained
A: no striking features
a: no special abilities


You were on level 3 of the Dungeon.
You visited 1 branch of the dungeon, and saw 3 of its levels.

You collected 163 gold pieces.

Inventory:

Hand Weapons
 a - a +0 trident (weapon)
Armour
 c - a +0 buckler (worn)
 k - a +0 pair of boots (worn)
 q - a +0 chain mail (worn)
 v - a +0 pair of gloves (worn)
Wands
 o - a wand of flame (4)
Scrolls
 e - 2 scrolls of fear
 i - a scroll of immolation
 j - 2 scrolls of summoning
 r - a scroll of amnesia {unknown}
 s - a scroll of poison
 u - a scroll of vulnerability {unknown}
 w - a scroll of enchant weapon {unknown}
Potions
 b - a potion of curing {unknown}
 d - a potion of might
 f - a potion of resistance
 h - a potion of attraction {unknown}
 l - a potion of heal wounds {unknown}
 m - a potion of lignification {unknown}
 n - a potion of magic {unknown}
 p - a potion of haste


   Skills:
 + Level 4.9 Fighting
 + Level 3.7 Polearms
 - Level 3.2 Armour
 + Level 4.4 Shields


You had 4 spell levels left.
You didn't know any spells.
Your spell library was empty.

Dungeon Overview and Level Annotations

Branches:
Dungeon (3/15)

Altars:

Annotations:
D:3 Crazy Yiuf


Message History

Crazy Yiuf is severely wounded.
You feel very sick.
Crazy Yiuf hits you with a +3 quarterstaff of chaos.
You are more poisoned.
Crazy Yiuf hits you with a +3 quarterstaff of chaos.
Crazy Yiuf burns you.
You hit Crazy Yiuf but do no damage.
Crazy Yiuf is severely wounded.
You feel very sick. Crazy Yiuf barely misses you.
Unknown command.
You are too injured to fight recklessly!
Unknown command.
You are too injured to fight recklessly!
Unknown command.
You are too injured to fight recklessly!
Reach: a) +0 trident
Press: ? - help, Dir - move target, f/p - Crazy Yiuf
Aim: Crazy Yiuf, wielding a +3 quarterstaff of chaos and wearing a +1 cloak (severely wounded, fast, about 37% to evade your +0 trident)
You closely miss Crazy Yiuf.
Crazy Yiuf is severely wounded.
You feel very sick.
Crazy Yiuf hits you with a +3 quarterstaff of chaos.
* * * LOW HITPOINT WARNING * * *
Crazy Yiuf burns you.
* * * LOW HITPOINT WARNING * * *
Crazy Yiuf hits you but does no damage.
Reach: a) +0 trident
Press: ? - help, Dir - move target, f/p - Crazy Yiuf
Aim: Crazy Yiuf, wielding a +3 quarterstaff of chaos and wearing a +1 cloak (severely wounded, fast, about 37% to evade your +0 trident)
You barely miss Crazy Yiuf.
Crazy Yiuf is severely wounded.
* * * LOW HITPOINT WARNING * * *
You feel very sick.
Crazy Yiuf hits you with a +3 quarterstaff of chaos.
* * * LOW HITPOINT WARNING * * *
You feel very mighty all of a sudden.
Crazy Yiuf cries, "Hack action eyeball!"
Crazy Yiuf hits you with a +3 quarterstaff of chaos.
You die...

##.###.########....#
# #.....######
#....# #
###.#......# #....#
###########
##..#......# #....#
#..........
##.#.#......# #...##
###########
..###.......# ##.##
.## ##......# #.##
..###..##.### ##.#
.#.#........# #@##
.##.##...#### ##g#
.#.#......## #'#
##########
....)......## )).
##.........
###.#.###...# #).)#
#....>..###
#.##......# #..)#
#..##.#.###
#.###.....# #####
#..#.....##
#.........#
#.....#..##
#####.....#
########..##......


You could see Crazy Yiuf (fast).

Vanquished Creatures
  A hound (D:3)
  3 adders
  A worm (D:2)
  4 orcs (D:3)
  8 bats
  3 endoplasms
  3 giant cockroaches
  4 goblins
  3 hobgoblins
  8 jackals
  5 kobolds
  4 quokkas (D:2)
  5 ball pythons
  4 frilled lizards
  2 rats
58 creatures vanquished.

Notes
Turn   | Place    | Note
-------+----------+-------------------------------------------
     0 | D:1      | siradein the Hill Orc Fighter began the quest for the Orb.
     0 | D:1      | Reached XP level 1. HP: 19/19 MP: 1/1
   252 | D:1      | Reached XP level 2. HP: 27/27 MP: 2/2
   355 | D:1      | Found a faded altar of an unknown god.
   723 | D:2      | Reached XP level 3. HP: 28/33 MP: 3/3
  1424 | D:3      | Reached XP level 4. HP: 41/41 MP: 4/4
  1639 | D:3      | Reached XP level 5. HP: 26/39 MP: 5/5
  2416 | D:3      | Found a runed translucent door.
  2417 | D:3      | Noticed Crazy Yiuf
  2502 | D:3      | HP: 2/40 [Crazy Yiuf/+3 quarterstaff of chaos (5)]
  2502 | D:3      | Slain by Crazy Yiuf

Illustrated notes

Levels and vault maps discovered:
D:1:      minmay_arrival_four_houses, layout_basic,
          hellmonk_ecumenical_altar_blasted, serial_bayou_crossing
D:2:      layout_rooms
D:3:      layout_loops_cross, amethyst_killhole, roderic_serpentine_path,
          st_stairs_9, uniq_crazy_yiuf_cottage

Skill      XL: |  1  2  3 |
---------------+----------+-----
Fighting       | 4 |  4.9
Polearms       | 3 |  3.7
Shields        | 4 |  4.4
Armour         | |  3.2

Action                   |  1- 3 |  4- 6 || total
-------------------------+-------+-------++-------
Melee: Trident           |   150 |    98 ||   248
  Use: Scroll            |       |     5 ||     5
Armor: Scale mail        |    95 |       ||    95
       Chain mail        |    12 |    46 ||    58
Dodge: Dodged            |    86 |    29 ||   115
Block: Buckler           |    45 |    28 ||    73

Table legend: (Time is in decaauts)
 A = Elapsed time spent in this place.
 B = Non-inter-level travel time spent in this place.
 C = Inter-level travel time spent in this place.
 D = Time resting spent in this place.
 E = Time spent auto-exploring this place.
 F = Levels seen in this place.
 G = Mean time per level.
                   A        B        C        D        E       F      G
               +--------+--------+--------+--------+--------+-----+--------+
         Total |   2556 |   2464 |     92 |      0 |   1988 |   3 |  852.0 |
       Dungeon |   2556 |   2464 |     92 |      0 |   1988 |   3 |  852.0 |
               +--------+--------+--------+--------+--------+-----+--------+

Top non-repeatable levels by time:
     D:3: 1106 daAuts
     D:2: 728 daAuts
     D:1: 721 daAuts
